 Dungeon Sprint DCSS version 0.29-a0-369-gd956c00756 (webtiles) character file.

Game seed: 15389394041076677072

4844 mhtbhm the Imperceptible (level 10, -12/51 HPs)
             Began as a Spriggan Brigand on May 1, 2022.
             Was a High Priest of Dithmenos.
             Mangled by Agnes
             ... wielding a +4 antimagic lajatang
              (13 damage)
             ... in the Dungeon (Sprint IV: "Fedhas' Mad Dash").
             The game lasted 00:06:44 (2483 turns).

mhtbhm the Imperceptible (Spriggan Brigand)         Turns: 2483, Time: 00:06:45

Health: -12/51     AC:  3    Str:  7    XL:     10   Next: 25%
Magic:  0/18       EV: 22    Int: 19    God:    Dithmenos [*****.]
Gold:   275        SH:  0    Dex: 21    Spells: 9/9 levels left

rFire   . . .      SeeInvis +   a - +2 dagger
rCold   . . .      Faith    .   (no shield)
rNeg    . . .      Spirit   .   b - +0 robe
rPois   .          Reflect  .   (helmet restricted)
rElec   .          Harm     .   c - +0 cloak
rCorr   .          Rampage  .   (gloves unavailable)
Will    +....      NoTele   +   (boots unavailable) Stlth *****+++++
                                l - amulet of invisibility {+Inv}
HPRegen 0.17/turn               m - ring of flight
MPRegen 0.16/turn               n - +6 ring of intelligence

@: flying, wreathed by umbra, very quick
A: very small, no large weapons, unfitting armour, see invisible, speed 3
a: Renounce Religion, Evoke Invisibility, Shadow Step, Shadow Form


You were in the Dungeon.
You worshipped Dithmenos.
Dithmenos was extremely pleased with you.
You visited 1 branch You collected 275 gold pieces.

Inventory:

Hand Weapons
 a - a +2 dagger (weapon)
Missiles
 d - 5 poisoned darts (quivered)
 e - 2 curare-tipped darts
Armour
 b - a +0 robe (worn)
 c - a +0 cloak (worn)
Jewellery
 l - the amulet of invisibility (around neck) {+Inv}
   (You found it in the Dungeon)

   [amulet of nothing]

   +Inv:      It lets you turn invisible.
 m - a ring of flight (left hand)
 n - a +6 ring of intelligence (right hand)
 o - a +6 ring of intelligence
Wands
 p - a wand of iceblast (4)
Scrolls
 f - a scroll of vulnerability {unknown}
 h - a scroll of summoning {unknown}
 k - a scroll of blinking
Potions
 g - a potion of heal wounds
 i - 2 potions of magic
 j - a potion of berserk rage
Miscellaneous
 q - a tin of tremorstones (2/2)


   Skills:
 + Level 4.5 Fighting
 + Level 8.1 Short Blades
 + Level 9.8 Throwing
 + Level 6.8 Dodging
 + Level 24.1 Stealth
 * Level 9.5 Invocations
 + Level 10.5 Evocations


You had 9 spell levels left.
You didn't know any spells.
Your spell library contained the following spells:

 Spells                   Type           Power      Damage    Failure   Level
 Pain                     Necr           0%         1d4       21%         1
 Agony                    Necr           0%         N/A       99%         5
 Excruciating Wounds      Necr           0%         N/A       99%         5


Dungeon Overview and Level Annotations

Branches:
Dungeon (1/1)

Altars:
Cheibriados
Dithmenos
Elyvilon
Gozag
Hepliaklqana
Kikubaaqudgha
Makhleb
Nemelex Xobeh
Okawaru
Qazlal
Ru
Sif Muna
Trog
Uskayaw
Vehumet
Wu Jian
Xom
Yredelemnul
Zin
The Shining One
Beogh
Jiyva
Lugonu

Shops:
D [(?(([

Annotations:
D Agnes


Innate Abilities, Weirdness & Mutations

You are very small and have problems with some larger weapons.
You are too small for most types of armour.
You have supernaturally acute eyesight. (SInv)
You cover ground extremely quickly. (Speed+++)


Message History

You now have 275 gold pieces (gained 13).
You reach down and open the door.
Found a tin of tremorstones (2/2).
There is an open door here.
You see here a tin of tremorstones (2/2).
q - a tin of tremorstones (2/2)
There is an open door here.
There is an entrance to Riclo's Weapon Emporium here.
There is an entrance to Viquklus's Armour Shoppe here.
There is an open door here.
Things that are here:
a +0 dagger; a +0 robe; a spriggan skeleton
Things that are here:
a +0 spear; a +0 buckler; a spriggan skeleton
There is an open door here.
You see here a +2 pair of gloves.
There is an open door here.
You see here a +0 leather armour.
There is an open door here.
There is an open door here.
You reach down and open the door.
Agnes the Wanderer comes into view.
She is wielding a +4 antimagic lajatang.
Unknown command.
Aiming: Shadow Step
Press: ? - help, Dir - move target, f - Agnes
Aim: Agnes, wielding a +4 antimagic lajatang and wearing a +0 robe (asleep, umbra)
You step into Agnes's shadow.
Agnes shouts!
Agnes hits you with a +4 antimagic lajatang!
You emit a cloud of dark smoke.
You feel your power leaking away.
Agnes hits you with a +4 antimagic lajatang!!
Ouch! That really hurt!
* * * LOW HITPOINT WARNING * * *
You emit a cloud of dark smoke.
You feel your power leaking away.
You hear a shout!
Agnes attacks as you move away!
Agnes hits you with a +4 antimagic lajatang!
You die...

###################......###.....
#♣♣♣♣♣..♣.###.'.['......['))...♣.
......♣..♣##..#..#.P..)..########
♣..♣♣♣.♣).###.##'##.P....#
.♣♣.[♣...♣'...#♣.♣######## #
############.... #### §♣§.♣....#
♣§§§...♣ ♣@i§ #####


You could see Agnes.

Vanquished Creatures
  A spriggan druid (D)
  6 oklob plants (D)
  A demonic crawler (D)
  3 wandering mushrooms (D)
  A queen bee (D)
  A burning bush (D)
  A hornet (D)
  3 scorpions (D)
  4 killer bees (D)
  5 oklob saplings (D)
  5 spriggans (D)
  A river rat (D)
  A rat (D)
  A ballistomycete spore (D)
34 creatures vanquished.

Vanquished Creatures (others)
  2 fungi (D)
2 creatures vanquished.

Grand Total: 36 creatures vanquished

Notes
Turn   | Place    | Note
-------+----------+-------------------------------------------
     0 | D        | mhtbhm the Spriggan Brigand began the quest for the Orb.
     0 | D        | Reached XP level 1. HP: 10/10 MP: 2/2
    19 | D        | Reached skill level 7 in Stealth
    19 | D        | Reached XP level 2. HP: 15/15 MP: 3/3
    40 | D        | Noticed an oklob sapling
    41 | D        | Killed an oklob sapling
    42 | D        | Reached skill level 9 in Stealth
    42 | D        | Reached XP level 3. HP: 18/18 MP: 4/4
    44 | D        | Noticed a scorpion
    44 | D        | Found the amulet of invisibility {+Inv}
    46 | D        | Killed a scorpion
    47 | D        | Reached skill level 12 in Stealth
    47 | D        | Reached XP level 4. HP: 23/23 MP: 5/5
    67 | D        | Found an opulent altar of Gozag.
    67 | D        | Found a hazy altar of Hepliaklqana.
    67 | D        | Found a burning altar of Makhleb.
    67 | D        | Found a sparkling altar of Nemelex Xobeh.
    67 | D        | Found a snail-covered altar of Cheibriados.
    67 | D        | Found a sacrificial altar of Ru.
    67 | D        | Found a shimmering blue altar of Sif Muna.
    67 | D        | Found a shimmering altar of Xom.
    67 | D        | Found a basalt altar of Yredelemnul.
    68 | D        | Found a viscous altar of Jiyva.
    68 | D        | Found a bloodstained altar of Trog.
    68 | D        | Found an ornate altar of the Wu Jian Council.
    69 | D        | Found an iron altar of Okawaru.
    69 | D        | Found a shadowy altar of Dithmenos.
    69 | D        | Found a glowing silver altar of Zin.
    70 | D        | Found an ancient bone altar of Kikubaaqudgha.
    70 | D        | Found a hide-covered altar of Uskayaw.
    71 | D        | Found a stormy altar of Qazlal.
    71 | D        | Found a white marble altar of Elyvilon.
    71 | D        | Found a glowing golden altar of the Shining One.
    72 | D        | Found a corrupted altar of Lugonu.
    72 | D        | Found a radiant altar of Vehumet.
    76 | D        | Reached skill level 13 in Stealth
    76 | D        | Reached XP level 5. HP: 27/27 MP: 3/6
   217 | D        | Reached skill level 14 in Stealth
   217 | D        | Reached skill level 1 in Evocations
   254 | D        | Reached skill level 15 in Stealth
   287 | D        | Reached skill level 5 in Short Blades
   287 | D        | Reached skill level 5 in Throwing
   287 | D        | Reached XP level 6. HP: 14/32 MP: 7/7
   496 | D        | Found Ukhlat's Antique Weapon Shop.
   496 | D        | Found Giqoq's Armour Emporium.
   524 | D        | Became a worshipper of Dithmenos the Shadowed
   543 | D        | Reached skill level 16 in Stealth
   543 | D        | Reached skill level 1 in Invocations
   583 | D        | Noticed a burning bush
   583 | D        | Noticed a wandering mushroom
   584 | D        | Noticed a wandering mushroom
   588 | D        | Killed a wandering mushroom
   589 | D        | Reached skill level 17 in Stealth
   589 | D        | Reached XP level 7. HP: 3/36 MP: 7/10
  1105 | D        | HP: 1/36 [wandering mushroom (8)]
  1109 | D        | Reached * piety under Dithmenos
  1405 | D        | Found Jaroetekla's Magic Scroll Shoppe.
  1406 | D        | Found Ytianuh's Antique Weapon Emporium.
  1600 | D        | Noticed a queen bee
  1605 | D        | Killed a queen bee
  1606 | D        | Reached skill level 18 in Stealth
  1606 | D        | Reached skill level 5 in Evocations
  1606 | D        | Reached ** piety under Dithmenos
  1612 | D        | Reached skill level 5 in Invocations
  1614 | D        | Noticed an oklob plant
  1756 | D        | Killed an oklob plant
  1756 | D        | Reached *** piety under Dithmenos
  1757 | D        | Reached skill level 19 in Stealth
  1757 | D        | Reached XP level 8. HP: 42/42 MP: 9/13
  1771 | D        | Noticed a burning bush
  2025 | D        | Noticed a burning bush
  2025 | D        | Noticed an oklob plant
  2026 | D        | Noticed a wandering mushroom
  2027 | D        | Killed a burning bush
  2033 | D        | Killed an oklob plant
  2034 | D        | Reached skill level 5 in Dodging
  2034 | D        | Reached skill level 20 in Stealth
  2036 | D        | Reached XP level 9. HP: 45/45 MP: 12/15
  2037 | D        | Killed a wandering mushroom
  2037 | D        | Reached **** piety under Dithmenos
  2038 | D        | Reached skill level 21 in Stealth
  2078 | D        | Noticed a spriggan druid
  2079 | D        | Killed a spriggan druid
  2098 | D        | Noticed an oklob plant conjurer
  2099 | D        | Killed an oklob plant conjurer
  2100 | D        | Reached skill level 22 in Stealth
  2118 | D        | Noticed an oklob plant
  2118 | D        | Noticed an oklob plant summoner
  2119 | D        | Noticed an oklob plant shifter
  2123 | D        | Killed an oklob plant
  2125 | D        | Killed an oklob plant summoner
  2125 | D        | Reached ***** piety under Dithmenos
  2128 | D        | Killed an oklob plant shifter
  2129 | D        | Reached skill level 23 in Stealth
  2129 | D        | Reached XP level 10. HP: 51/51 MP: 15/17
  2139 | D        | Reached skill level 10 in Evocations
  2175 | D        | Noticed a spriggan rider
  2185 | D        | Reached skill level 24 in Stealth
  2211 | D        | Found Riclo's Weapon Emporium.
  2216 | D        | Found Viquklus's Armour Shoppe.
  2481 | D        | Noticed Agnes
  2482 | D        | HP: 1/51 [Agnes/+4 antimagic lajatang (29)]
  2483 | D        | Mangled by Agnes

Illustrated notes

Levels and vault maps discovered:
D:        dungeon_sprint_fedhas [sprint_temple]

Skill      XL: |  1  2  3  4  5  6  7  8  9 10 |
---------------+-------------------------------+-----
Short Blades   | 3 4 5 6 7 8 |  8.1
Stealth        | 7 9 12 13 15 17 19 20 23 24 | 24.1
Fighting       | 2 3 4 |  4.5
Throwing       | 3 4 5 6 8 9 |  9.8
Evocations     | 2 4 6 7 9 10 | 10.5
Dodging        | 2 4 5 6 |  6.8
Invocations    | 3 5 7 8 9 |  9.5

Action                   |  1- 3 |  4- 6 |  7- 9 | 10-12 || total
-------------------------+-------+-------+-------+-------++-------
Melee: Dagger            |     6 |     4 |    37 |    11 ||    58
       Punch             |       |       |     2 |       ||     2
Throw: Dart              |     6 |    13 |     9 |     5 ||    33
Invok: Shadow Step       |       |       |       |     1 ||     1
 Abil: Evoke Invisibilit |       |     2 |     4 |       ||     6
Evoke: Wand              |       |       |       |     3 ||     3
  Use: Potion            |       |     2 |       |       ||     2
 Stab: Sleeping          |     2 |     4 |    15 |     1 ||    22
       Invisible         |       |       |     2 |       ||     2
Dodge: Dodged            |     2 |     4 |     8 |     9 ||    23

Table legend: (Time is in decaauts)
 A = Elapsed time spent in this place.
 B = Non-inter-level travel time spent in this place.
 C = Inter-level travel time spent in this place.
 D = Time resting spent in this place.
 E = Time spent auto-exploring this place.
 F = Levels seen in this place.
 G = Mean time per level.
                   A        B        C        D        E       F      G
               +--------+--------+--------+--------+--------+-----+--------+
         Total |   2251 |   2251 |      0 |   1797 |      0 |   1 | 2251.0 |
       Dungeon |   2251 |   2251 |      0 |   1797 |      0 |   1 | 2251.0 |
               +--------+--------+--------+--------+--------+-----+--------+

Top non-repeatable levels by time:
       D: 2251 daAuts
